 Dungeon Crawl Stone Soup version 0.30-a0-870-gc5d4c5acee (webtiles) character file.

Game seed: 4309328634163815447

582 Rocko1345 the Magician (level 7, -3/47 HPs)
             Began as a Djinni Fire Elementalist on Mar 11, 2023.
             Was a Follower of Nemelex Xobeh.
             Slain by a quokka (4 damage)
             ... on level 4 of the Dungeon.
             The game lasted 00:14:56 (4155 turns).

Rocko1345 the Magician (Djinni Fire Elementalist)   Turns: 4155, Time: 00:14:57

Health: -3/47      AC:  2    Str:  7    XL:     7   Next: 63%
Gold:   242        EV: 12    Int: 19    God:    Nemelex Xobeh [*.....] SH:  0 Dex: 13

rFire   + + .      SeeInvis .    j - +3 short sword (elec)
rCold   x . .      Faith    .    (no shield)
rNeg    . . .      Spirit   .    a - +0 robe
rPois   ∞          Reflect  .    (no helmet)
rElec   .          Rampage  .    (no cloak)
rCorr   .                        (no gloves)
Will    .....                    (boots unavailable)
Stlth   ++                       (no amulet)
HPRegen 0.27/turn                (no ring)
MPRegen 0.00/turn                (no ring)

@: flying
A: sickness immunity, fire resistance 2, cold vulnerability 1, float, innate
caster, HP casting, extra vitality 1
a: Renounce Religion, Draw Escape, Draw Destruction, Draw Summoning


You were on level 4 of the Dungeon.
You worshipped Nemelex Xobeh.
Nemelex Xobeh was aware of your devotion.
You visited 1 branch of the dungeon, and saw 5 of its levels.

You collected 242 gold pieces.

Inventory:

Hand Weapons
 c - a +0 dagger of draining
 j - a +3 short sword of electrocution (weapon)
 t - a +0 sling
Missiles
 i - 6 poisoned darts
Armour
 a - a +0 robe (worn)
 h - a +1 pair of boots
Jewellery
 r - a ring of protection from fire
Wands
 m - a wand of flame (31)
Scrolls
 o - a scroll of poison {unknown}
 q - 2 scrolls of identify
 s - 2 scrolls of noise {unknown}
 u - 2 scrolls of enchant armour {unknown}
 v - a scroll of fog {unknown}
 w - a scroll of immolation {unknown}
Potions
 e - 2 potions of mutation {unknown}
 f - 2 potions of curing
 g - a potion of resistance {unknown}
 k - a potion of might {unknown}
 l - a potion of cancellation {unknown}
 p - a potion of ambrosia {unknown}
 x - a potion of attraction {unknown}


   Skills:
 + Level 1.0 Fighting
 + Level 2.7 Dodging
 + Level 2.0 Stealth
 * Level 6.0 Spellcasting


You knew the following spells:

 Your Spells              Type           Power      Damage    Failure   Level
a - Foxfire               Conj/Fire      100%       2x1d9     1%          1
b - Scorch                Fire           56%        2d8       1%          2
c - Kindle Blastsparks    Fire/Tloc/Air  56%        2d14      2%          3
d - Inner Flame           Hex/Fire       28%        N/A       2%          3
e - Flame Wave            Conj/Fire      28%        2d9       9%          4
f - Shock                 Conj/Air       100%       1d9       1%          1
g - Searing Ray           Conj           56%        2d6       1%          2
h - Ozocubu's Armour      Ice            28%        N/A       2%          3
Your spell library was empty.

Dungeon Overview and Level Annotations

Branches:
Dungeon (5/15)             Temple (0/1) D:4

Altars:
Gozag
Nemelex Xobeh
Zin


Innate Abilities, Weirdness & Mutations

You are immune to sickness and miasma.
You are immune to poison.
Your flesh is very heat resistant. (rF++)
You are vulnerable to cold. (rC-)
You float through the air rather than walking.
You learn spells naturally, not from books.
Your magical power is your life essence.
You have superior vitality. (+4 MHP)


Message History

As you read the scroll labelled ELYTIR WOBES, it crumbles to dust.
It is a scroll of enchant weapon.
Your +2 short sword of electrocution glows red for a moment.
The hobgoblin hits you.
You hit the hobgoblin.
The hobgoblin is almost dead.
The hobgoblin hits you.
Okay, then.
That deck is empty!
Okay, then.
As you read the scroll labelled BUILADD FAKASS, it crumbles to dust.
You feel strangely unstable.
It was a scroll of teleportation.
The hobgoblin barely misses you. The hobgoblin attacks as you move away!
The hobgoblin barely misses you.
Your surroundings suddenly seem different.
A quokka comes into view.
A gnoll and an endoplasm come into view.
The gnoll shouts!
The endoplasm quivers.
The hobgoblin shouts!
You hear an angry hiss. x2
You puncture the hobgoblin!
You kill the hobgoblin!
The quokka misses you.
The gnoll hits you from afar with a +0 halberd!
* * * LOW HITPOINT WARNING * * *
The quokka attacks as you move away! The quokka closely misses you.
Okay, then.
The quokka attacks as you move away! The quokka completely misses you.
An adder, an ogre and a quokka come into view.
The quokka bites you.
* * * LOW HITPOINT WARNING * * *
The gnoll hits you but does no damage. The quokka attacks as you move away!
The quokka barely misses you. The gnoll misses you. The quokka bites you.
* * * LOW HITPOINT WARNING * * *
There is an open door here.
The quokka attacks as you move away! The quokka bites you.
You die...
Your body disappears without a glow.

#..####.# #...............÷ #..#
#.# #############)..# #..# #.##
#...# ...#
#..####################...# #..#
##....................#...# #..#
#####################.....# #..#
#...O..,**##.#*#...###..... #..#
#......*,##..#*+)8.#....... #.g#
#..r...###@##..#...#....... #..#
*,,,,*#..r#..#.#..)#....... #..#
*,,,*,#.g.#.###'.8.'.......
#..###*,,,**#.J.'##..#...#.......
##...##,*#......##gK,#...#.......
*#....#*,#......#..,*+.8.#.......
####..#**#......+.,**#...#.......
...)..####################....###
))).#....................#....# #


You could see a gnoll, an endoplasm and a quokka.

Vanquished Creatures
  2 ogres (D:4)
  A scorpion (D:3)
  A gnoll bouda (D:4)
  An iguana (D:4)
  A sleepcap (D:4)
  Natasha (thrice) (D:2)
  6 gnolls (D:4)
  4 adders
  3 worms
  4 dart slugs
  5 orcs
  7 ball pythons
  6 endoplasms
  3 giant cockroaches
  7 goblins
  11 hobgoblins
  4 jackals (D:3)
  9 kobolds
  5 quokkas
  6 bats
  6 frilled lizards
  9 rats
  A spectral hobgoblin (D:1)
  A bush (D:3)
106 creatures vanquished.

Vanquished Creatures (others)
  128 foxfires
  3 plants (D:3)
131 creatures vanquished.

Grand Total: 237 creatures vanquished

Notes
Turn   | Place    | Note
-------+----------+-------------------------------------------
     0 | D:1      | Rocko1345 the Djinni Fire Elementalist began the quest for
                  | the Orb.
     0 | D:1      | Rocko1345 set off with the following spells memorised:
                  | Foxfire, Scorch, Kindle Blastsparks, Inner Flame, Flame
                  | Wave.
     0 | D:1      | Reached XP level 1. HP: 15/15 MP: 0/0
   145 | D:1      | Reached XP level 2. HP: 19/21 MP: 0/0
   276 | D:1      | Reached skill level 3 in Spellcasting
   278 | D:1      | Found a faded altar of an unknown god.
   371 | D:1      | Reached XP level 3. HP: 25/25 MP: 0/0
   371 | D:1      | Learned a level 1 spell: Shock
   810 | D:2      | Found a glowing silver altar of Zin.
  1036 | D:2      | Reached XP level 4. HP: 3/31 MP: 0/0
  1392 | D:2      | Noticed Natasha
  1397 | D:2      | Killed Natasha
  1452 | D:2      | Reached XP level 5. HP: 24/35 MP: 0/0
  1452 | D:2      | Learned a level 2 spell: Searing Ray
  1453 | D:2      | Reached skill level 4 in Spellcasting
  1489 | D:2      | Noticed Natasha
  1508 | D:2      | Killed Natasha
  1804 | D:2      | Noticed Natasha
  1807 | D:2      | Killed Natasha
  2134 | D:3      | HP: 1/35 [goblin/sling bullet (4)]
  2456 | D:3      | Found an opulent altar of Gozag.
  2457 | D:3      | Found a sparkling altar of Nemelex Xobeh.
  2481 | D:3      | Became a worshipper of Nemelex Xobeh the Trickster
  2899 | D:3      | Reached XP level 6. HP: 12/40 MP: 0/0
  3327 | D:4      | Reached skill level 5 in Spellcasting
  3483 | D:4      | Noticed an ogre
  3497 | D:4      | Killed an ogre
  3502 | D:4      | Reached XP level 7. HP: 41/46 MP: 0/0
  3502 | D:4      | Learned a level 3 spell: Ozocubu's Armour
  3780 | D:4      | Reached skill level 1 in Fighting
  4108 | D:4      | Reached * piety under Nemelex Xobeh
  4123 | D:4      | Reached skill level 6 in Spellcasting
  4133 | D:5      | Entered Level 5 of the Dungeon
  4152 | D:4      | HP: 2/47 [quokka (4)]
  4155 | D:4      | Slain by a quokka

Illustrated notes

Levels and vault maps discovered:
D:1:      spicycebolla_green_bress_n_ham_2, layout_rooms,
          dreamdust_ecumenical_altar_drowned_temple, st_stairs_2
D:2:      layout_loops_ring, basic_altar, dk_vineyard_1, uniq_natasha
D:3:      layout_loops_ring, grunt_temple_overflow_opulence, serial_forest,
          infiniplex_forest_lined_room_3, infiniplex_forest_join,
          infiniplex_forest_lined_corner, infiniplex_forest_lined_2,
          infiniplex_forest_lined_3, infiniplex_forest_join,
          infiniplex_forest_clump_diagonal, infiniplex_forest_end_2,
          minmay_between
D:4:      minmay_chambers_of_threes, layout_basic,
          minmay_temple_entry_butterflies
D:5:      layout_basic, serial_shops, shop, dreamdust_wishing_well,
          hangedman_decor_peaks_small

Skill      XL: |  1  2  3  4  5  6  7 |
---------------+----------------------+-----
Spellcasting   | 3 4 5 6 |  6.0
Stealth        | 2 |  2.0
Fighting       | 1 |  1.0
Dodging        | |  2.7

Action                     |  1- 3 |  4- 6 |  7- 9 || total
---------------------------+-------+-------+-------++-------
  Melee: Unarmed           |     3 |       |       ||     3
         Short sword       |       |       |     4 ||     4
   Cast: Foxfire           |    50 |    27 |    21 ||    98
         Scorch            |     6 |    53 |    16 ||    75
         Shock             |     4 |       |       ||     4
         Kindle Blastspark |     3 |     5 |     1 ||     9
         Inner Flame       |       |     2 |       ||     2
         Ozocubu's Armour  |       |       |     1 ||     1
         Searing Ray       |       |       |     1 ||     1
         Flame Wave        |       |       |     1 ||     1
    Use: Scroll            |       |     2 |     3 ||     5
         Potion            |       |       |     2 ||     2
 Armour: Robe              |     7 |     7 |     2 ||    16
  Dodge: Dodged            |    22 |    18 |    32 ||    72

Table legend: (Time is in decaauts)
 A = Elapsed time spent in this place.
 B = Non-inter-level travel time spent in this place.
 C = Inter-level travel time spent in this place.
 D = Time resting spent in this place.
 E = Time spent auto-exploring this place.
 F = Levels seen in this place.
 G = Mean time per level.
                   A        B        C        D        E       F      G
               +--------+--------+--------+--------+--------+-----+--------+
         Total |   4153 |   4043 |    110 |   1142 |   2051 |   5 |  830.6 |
       Dungeon |   4153 |   4043 |    110 |   1142 |   2051 |   5 |  830.6 |
               +--------+--------+--------+--------+--------+-----+--------+

Top non-repeatable levels by time:
     D:3: 1394 daAuts
     D:2: 1145 daAuts
     D:4: 830 daAuts
     D:1: 780 daAuts
     D:5: 1 daAuts
